[Event "LJ Slovak Open 2022"]
[Site "Liptovsky Jan"]
[Date "2022.06.24"]
[Round "3.43"]
[White "Lis, Maksymilian"]
[Black "Veres Alex"]
[Result "1-0"]
[ECO "A20"]
[WhiteElo "1511"]
[BlackElo "1000"]
[Annotator "NA RC"]
[PlyCount "79"]
[EventDate "2022.06.23"]
[EventType "swiss"]
[EventCountry "SVK"]
[SourceTitle "playchess.com"]
[Source "ChessBase"]
[SourceQuality "1"]
[TimeControl "3600+30"]

1. c4 e5 2. g3 Nf6 3. Bg2 Bc5 4. e3 Nc6 5. Ne2 b6 6. O-O O-O 7. d4 exd4 8. exd4 Bd6 9. Nbc3 Bb7 10. a3 Na5 11. Bxb7 Nxb7 12. b4 a5 13. Rb1 axb4 14. axb4 Qe7 15. c5 bxc5 16. bxc5 Nxc5 17. dxc5 Bxc5 18. Bg5 Qe5 19. Bxf6 Qxf6 20. Ne4 Qe5 21. Nxc5 Qxc5 22. Qxd7 Rad8 23. Qb5 Qe7 24. Nf4 Rb8 25. Qxb8 Rxb8 26. Rxb8+ Qf8 27. Rfb1 h6 28. Nd5 g6 29. Rxf8+ Kxf8 30. Rb8+ Kg7 31. Nxc7 h5 32. Kg2 Kh6 33. h4 g5 34. Rb6+ Kg7 35. hxg5 h4 36. gxh4 f6 37. Rxf6 Kg8 38. Ne6 Kh7 39. g6+ Kg8 40. Rf8# 1-0

[Event "LJ Slovak Open 2022"]
[Site "Liptovsky Jan"]
[Date "2022.06.24"]
[Round "3.44"]
[White "Mrkvik, Jan"]
[Black "Prochazka Michal"]
[Result "1-0"]
[ECO "D02"]
[WhiteElo "1810"]
[BlackElo "1110"]
[Annotator "NA RC"]
[PlyCount "53"]
[EventDate "2022.06.23"]
[EventType "swiss"]
[EventCountry "SVK"]
[SourceTitle "playchess.com"]
[Source "ChessBase"]
[SourceQuality "1"]
[TimeControl "3600+30"]

1. d4 Nf6 2. Bf4 d5 3. e3 Bf5 4. Nf3 e6 5. c3 Nbd7 6. Nbd2 c5 7. Be2 Be7 8. O-O O-O 9. Ne5 cxd4 10. exd4 Ne4 11. Rc1 f6 12. Nd3 Nxd2 13. Qxd2 Bxd3 14. Bxd3 e5 15. Bg3 Bd6 16. Bf5 g6 17. Be6+ Kh8 18. Bxd5 Qb6 19. Rfe1 exd4 20. Re6 dxc3 21. bxc3 Ne5 22. Re1 Rae8 23. R1xe5 fxe5 24. Bxe5+ Bxe5 25. Rxb6 Bf4 26. Qd4+ Be5 27. Qd3 1-0

[Event "LJ Slovak Open 2022"]
[Site "Liptovsky Jan"]
[Date "2022.06.24"]
[Round "3.45"]
[White "Kolibik, Jan"]
[Black "Polacok, Jozef"]
[Result "1/2-1/2"]
[ECO "A11"]
[WhiteElo "1621"]
[BlackElo "1386"]
[Annotator "NA RC"]
[PlyCount "46"]
[EventDate "2022.06.23"]
[EventType "swiss"]
[EventCountry "SVK"]
[SourceTitle "playchess.com"]
[Source "ChessBase"]
[SourceQuality "1"]
[TimeControl "3600+30"]

1. c4 c6 2. g3 d5 3. cxd5 cxd5 4. Bg2 Nf6 5. Nf3 Bf5 6. O-O e6 7. Qa4+ Qd7 8. Qxd7+ Nbxd7 9. d4 Be7 10. Nc3 h6 11. Bd2 a6 12. Rfc1 O-O 13. e3 b5 14. a3 Nb6 15. Ne5 Rfc8 16. b4 Nc4 17. Nxc4 Rxc4 18. Bf1 Rc6 19. f3 Nd7 20. Ne2 Rac8 21. Rxc6 Rxc6 22. Rc1 Rxc1 23. Bxc1 Bd3 1/2-1/2

[Event "LJ Slovak Open 2022"]
[Site "Liptovsky Jan"]
[Date "2022.06.24"]
[Round "3.46"]
[White "Freibergs, Filips"]
[Black "Koren, Juraj"]
[Result "1-0"]
[ECO "D02"]
[WhiteElo "1250"]
[BlackElo "1506"]
[Annotator "NA RC"]
[PlyCount "107"]
[EventDate "2022.06.23"]
[EventType "swiss"]
[EventCountry "SVK"]
[SourceTitle "playchess.com"]
[Source "ChessBase"]
[SourceQuality "1"]
[TimeControl "3600+30"]

1. d4 d5 2. Nf3 Bg4 3. Nbd2 Nd7 4. e3 e6 5. b3 Ne7 6. Bb2 Nc6 7. Be2 Be7 8. Ne5 Bxe2 9. Qxe2 O-O 10. O-O Ndxe5 11. dxe5 Nb4 12. Nf3 c5 13. c4 Qb6 14. Rfd1 Rad8 15. Bc3 Na6 16. Rd2 Rd7 17. Rad1 Rfd8 18. Rd3 Nc7 19. Qd2 h6 20. cxd5 Rxd5 21. Qc2 Qc6 22. h3 Nb5 23. a4 Nxc3 24. Qxc3 Rxd3 25. Rxd3 Rxd3 26. Qxd3 a6 27. Nd2 b5 28. axb5 axb5 29. Qe4 Qd5 30. Qxd5 exd5 31. Kf1 f6 32. exf6 Bxf6 33. e4 Bc3 34. Ke2 Bxd2 35. Kxd2 d4 36. Kd3 Kf7 37. b4 cxb4 38. Kxd4 g5 39. g3 Ke6 40. f4 gxf4 41. gxf4 Kf6 42. e5+ Ke6 43. Kd3 Kd5 44. Kc2 Ke6 45. Kb3 Kd5 46. Kxb4 Ke6 47. Kxb5 Kd5 48. Kb6 h5 49. h4 Ke6 50. Kc7 Ke7 51. f5 Ke8 52. f6 Kf7 53. Kd7 Kg6 54. Ke6 1-0

[Event "LJ Slovak Open 2022"]
[Site "Liptovsky Jan"]
[Date "2022.06.24"]
[Round "3.47"]
[White "Nedoba, Jakub"]
[Black "Carnecky, Viliam"]
[Result "1/2-1/2"]
[ECO "D00"]
[WhiteElo "1158"]
[BlackElo "1380"]
[Annotator "NA RC"]
[PlyCount "20"]
[EventDate "2022.06.23"]
[EventType "swiss"]
[EventCountry "SVK"]
[SourceTitle "playchess.com"]
[Source "ChessBase"]
[SourceQuality "1"]
[TimeControl "3600+30"]

1. d4 d5 2. Bf4 Nf6 3. e3 c5 4. c3 Nc6 5. Bd3 Qb6 6. Na3 Qxb2 7. Nb5 Kd7 8. Rb1 Qxa2 9. Ra1 Qb2 10. Rb1 Qa2 1/2-1/2

[Event "LJ Slovak Open 2022"]
[Site "Liptovsky Jan"]
[Date "2022.06.24"]
[Round "3.48"]
[White "Sokolovsky, Jakub"]
[Black "Livnansky, Tomas"]
[Result "1-0"]
[ECO "C57"]
[WhiteElo "1613"]
[BlackElo "1244"]
[Annotator "NA RC"]
[PlyCount "57"]
[EventDate "2022.06.23"]
[EventType "swiss"]
[EventCountry "SVK"]
[SourceTitle "playchess.com"]
[Source "ChessBase"]
[SourceQuality "1"]
[TimeControl "3600+30"]

1. e4 e5 2. Nf3 Nc6 3. Bc4 Nf6 4. Ng5 Bc5 5. Bxf7+ Kf8 6. Bc4 Qe7 7. Nc3 h6 8. Nf3 d6 9. h3 Be6 10. Bxe6 Qxe6 11. O-O Ke7 12. Nh4 g5 13. Ng6+ Kd7 14. Nxh8 Rxh8 15. Qf3 Nd4 16. Qd1 h5 17. d3 g4 18. h4 g3 19. Be3 gxf2+ 20. Bxf2 Ng4 21. Na4 Nxf2 22. Nxc5+ dxc5 23. Rxf2 Rg8 24. c3 Nc6 25. Qxh5 Ne7 26. Raf1 Qh3 27. Qh7 Rg5 28. Qh6 Rg6 29. Qxg6 1-0

[Event "LJ Slovak Open 2022"]
[Site "Liptovsky Jan"]
[Date "2022.06.24"]
[Round "3.49"]
[White "Polackova, Eva"]
[Black "Magda, Filip"]
[Result "0-1"]
[ECO "B34"]
[WhiteElo "1253"]
[BlackElo "1624"]
[Annotator "NA RC"]
[PlyCount "56"]
[EventDate "2022.06.23"]
[EventType "swiss"]
[EventCountry "SVK"]
[SourceTitle "playchess.com"]
[Source "ChessBase"]
[SourceQuality "1"]
[TimeControl "3600+30"]

1. e4 c5 2. Nf3 Nc6 3. Nc3 d6 4. d4 cxd4 5. Nxd4 g6 6. Bc4 Bg7 7. Nxc6 bxc6 8. Bf4 Bd7 9. Qf3 Nf6 10. O-O-O Qc8 11. h3 O-O 12. Qe3 Qb7 13. Rdg1 Rab8 14. Nd1 c5 15. Bh6 Bxh6 16. Qxh6 Qxe4 17. Bd3 Qd5 18. a3 c4 19. Be2 Ba4 20. Nc3 Qc6 21. g4 Bb5 22. h4 Ne4 23. Nd1 d5 24. g5 c3 25. Bxb5 cxb2+ 26. Kb1 Qxb5 27. h5 Nd2+ 28. Ka2 Qc4# 0-1

[Event "LJ Slovak Open 2022"]
[Site "Liptovsky Jan"]
[Date "2022.06.24"]
[Round "3.50"]
[White "Dicer, Juraj"]
[Black "Haasova, Nina"]
[Result "1-0"]
[ECO "D10"]
[WhiteElo "1562"]
[BlackElo "1216"]
[Annotator "NA RC"]
[PlyCount "96"]
[EventDate "2022.06.23"]
[EventType "swiss"]
[EventCountry "SVK"]
[SourceTitle "playchess.com"]
[Source "ChessBase"]
[SourceQuality "1"]
[TimeControl "3600+30"]

1. d4 d5 2. c4 c6 3. cxd5 cxd5 4. Nc3 Nf6 5. Qc2 g6 6. Bf4 Bg7 7. Nf3 O-O 8. e3 Bf5 9. Qb3 b6 10. Nb5 Nbd7 11. Be2 Qc8 12. Nc7 Rb8 13. Nxd5 Nxd5 14. Bxb8 Nxe3 15. fxe3 Qxb8 16. O-O Bg4 17. h3 Bxf3 18. Rxf3 e5 19. Bc4 Nf6 20. Raf1 Qd6 21. g4 g5 22. Rf5 h6 23. dxe5 Qc6 24. Rxf6 Bxf6 25. Rxf6 Qd7 26. e6 Qe7 27. Qc3 fxe6 28. Rxh6 Qg7 29. Bxe6+ Rf7 30. Rf6 Kh8 31. Rxf7 Qxc3 32. bxc3 a5 33. Rd7 b5 34. e4 b4 35. cxb4 axb4 36. e5 b3 37. Rd8+ Kg7 38. Bxb3 Kg6 39. e6 Kf6 40. Rf8+ Ke7 41. Rf7+ Ke8 42. Ba4+ Kd8 43. e7+ Kc7 44. e8=Q+ Kd6 45. Rd7+ Kc5 46. Qc8+ Kb4 47. Rb7+ Ka3 48. Bd1 Kxa2 1-0

[Event "LJ Slovak Open 2022"]
[Site "Liptovsky Jan"]
[Date "2022.06.24"]
[Round "3.51"]
[White "Lacko, Stanislav"]
[Black "Muller, Tomas"]
[Result "1-0"]
[ECO "C02"]
[WhiteElo "1462"]
[BlackElo "1240"]
[Annotator "NA RC"]
[PlyCount "117"]
[EventDate "2022.06.23"]
[EventType "swiss"]
[EventCountry "SVK"]
[SourceTitle "playchess.com"]
[Source "ChessBase"]
[SourceQuality "1"]
[TimeControl "3600+30"]

1. e4 e6 2. f4 d5 3. e5 c5 4. Nf3 Nc6 5. c3 Bd7 6. d4 Qb6 7. b3 Nge7 8. Na3 cxd4 9. cxd4 Qb4+ 10. Qd2 Qxd2+ 11. Kxd2 Ng6 12. g3 Rc8 13. Bb5 Nge7 14. Bb2 Nf5 15. Bxc6 Rxc6 16. Rhc1 Be7 17. Nc2 Ra6 18. g4 Nh6 19. h3 O-O 20. Ne3 Rc6 21. Rxc6 Bxc6 22. Nc2 f6 23. Ke3 Nf7 24. Ba3 g5 25. Bxe7 gxf4+ 26. Kxf4 fxe5+ 27. Nxe5 Re8 28. Nxc6 bxc6 29. Bc5 a6 30. Nb4 e5+ 31. Kg3 exd4 32. Bxd4 Re4 33. Nxc6 Ng5 34. Rf1 Re2 35. Kh4 h6 36. Bf6 Re6 37. Ne7+ Kh7 38. Nxd5 Rd6 39. Rf5 Ne4 40. Ba1 Rd7 41. Nf6+ Nxf6 42. Rxf6 Rd1 43. Be5 Rd5 44. Bf4 Ra5 45. Rxh6+ Kg7 46. a4 Rc5 47. Rxa6 Rc3 48. b4 Rc4 49. Bd6 Rd4 50. Bc5 Rd5 51. Rd6 Re5 52. a5 Kf7 53. a6 Re6 54. Rxe6 Kxe6 55. a7 Kd7 56. a8=Q Kc7 57. Kg5 Kd7 58. h4 Kc7 59. Kf5 1-0

[Event "LJ Slovak Open 2022"]
[Site "Liptovsky Jan"]
[Date "2022.06.24"]
[Round "3.52"]
[White "Kovacik, Oliver"]
[Black "Muller, Martin"]
[Result "0-1"]
[ECO "D04"]
[WhiteElo "1331"]
[BlackElo "1476"]
[Annotator "NA"]
[PlyCount "122"]
[EventDate "2022.06.23"]
[EventType "swiss"]
[EventCountry "SVK"]
[SourceTitle "playchess.com"]
[Source "ChessBase"]
[SourceQuality "1"]
[TimeControl "3600+30"]

1. d4 g6 2. Nf3 Nf6 3. e3 Bg7 4. Bd3 b6 5. Nbd2 d5 6. h3 Bb7 7. c3 Nbd7 8. O-O Ne4 9. Qc2 f5 10. Bxe4 fxe4 11. Ng5 Nf8 12. f3 h6 13. Nf7 Kxf7 14. fxe4+ Kg8 15. e5 Bc8 16. Rf3 Bf5 17. e4 dxe4 18. Nxe4 Qd5 19. Re3 Ne6 20. Qe2 Nf4 21. Qf3 Bxe4 22. Rxe4 Ne6 23. Bf4 Rf8 24. Qe3 g5 25. Bg3 h5 26. h4 Bh6 27. Qe2 g4 28. Qc2 Rh7 29. Re2 Rg7 30. Rf1 Qa8 31. Qb3 Qc8 32. Rxf8+ Kxf8 33. Rf2+ Rf7 34. Qc2 Rxf2 35. Qxf2+ Kg7 36. Qf5 Qg8 37. Qxh5 Qf7 38. Qxg4+ Qg6 39. Qh3 Kf7 40. d5 Nf4 41. Bxf4 Bxf4 42. Qf3 Qb1+ 43. Kf2 Qc2+ 44. Kg1 Qc1+ 45. Kf2 Qd2+ 46. Kf1 Qc1+ 47. Kf2 Qxb2+ 48. Kf1 Qb1+ 49. Kf2 Qxa2+ 50. Kf1 Qb1+ 51. Kf2 Qc2+ 52. Kf1 Qc1+ 53. Kf2 Qd2+ 54. Kf1 Qe3 55. Qh5+ Kg7 56. Qg4+ Kh6 57. h5 Bg5 58. g3 Qxe5 59. Kg2 Qxd5+ 60. Kf1 e6 61. Ke1 a5 0-1

[Event "LJ Slovak Open 2022"]
[Site "Liptovsky Jan"]
[Date "2022.06.24"]
[Round "3.53"]
[White "Stefanides, Karol"]
[Black "Pechociakova, Petra"]
[Result "1/2-1/2"]
[ECO "D02"]
[WhiteElo "1438"]
[BlackElo "1160"]
[Annotator "NA RC"]
[PlyCount "69"]
[EventDate "2022.06.23"]
[EventType "swiss"]
[EventCountry "SVK"]
[SourceTitle "playchess.com"]
[Source "ChessBase"]
[SourceQuality "1"]
[TimeControl "3600+30"]

1. d4 d5 2. Nf3 Nc6 3. e3 a6 4. c4 dxc4 5. Bxc4 Nf6 6. O-O e6 7. a3 Bd6 8. Nbd2 b5 9. Bd3 O-O 10. Ne4 e5 11. dxe5 Nxe5 12. Nxe5 Bxe5 13. Nxf6+ Qxf6 14. Qc2 g6 15. Rb1 Qg5 16. f4 Bxf4 17. exf4 Qd8 18. b4 Qd4+ 19. Kh1 c6 20. Bb2 Qd5 21. Be4 Qc4 22. Qxc4 bxc4 23. Bxc6 Ra7 24. Rbc1 Be6 25. Kg1 Rc7 26. Bf3 Rd8 27. Rfd1 Rdc8 28. Bc3 h5 29. h3 h4 30. Rd6 Kh7 31. a4 Kh6 32. Rcd1 Bf5 33. R1d4 Bc2 34. a5 Re8 35. Kf2 1/2-1/2

[Event "LJ Slovak Open 2022"]
[Site "Liptovsky Jan"]
[Date "2022.06.24"]
[Round "3.54"]
[White "Socha, Wiktor"]
[Black "Bodnar, Frantisek"]
[Result "1-0"]
[ECO "C40"]
[WhiteElo "1020"]
[BlackElo "1379"]
[Annotator "NA RC"]
[PlyCount "65"]
[EventDate "2022.06.23"]
[EventType "swiss"]
[EventCountry "SVK"]
[SourceTitle "playchess.com"]
[Source "ChessBase"]
[SourceQuality "1"]
[TimeControl "3600+30"]

1. e4 e5 2. Nf3 Bc5 3. c3 Nf6 4. d4 exd4 5. cxd4 Bb4+ 6. Bd2 Qe7 7. Bd3 Nc6 8. a3 Bxd2+ 9. Nbxd2 d6 10. O-O O-O 11. Re1 Bg4 12. h3 Bh5 13. e5 dxe5 14. dxe5 Nd7 15. g4 Bg6 16. Bxg6 fxg6 17. Qb3+ Kh8 18. Nc4 Nc5 19. Qe3 Rad8 20. b4 Rd3 21. Qxc5 Qxc5 22. bxc5 Rdxf3 23. Rab1 b6 24. cxb6 cxb6 25. Nd6 Rxf2 26. e6 Ne7 27. Rbc1 Rd2 28. Rc7 Rxd6 29. Rxe7 a5 30. Rd7 Rc6 31. e7 Re8 32. Rd8 Rc8 33. Rxc8 1-0

[Event "LJ Slovak Open 2022"]
[Site "Liptovsky Jan"]
[Date "2022.06.24"]
[Round "3.55"]
[White "Vojtko, Imrich"]
[Black "Magdova, Lucia"]
[Result "1-0"]
[ECO "A06"]
[WhiteElo "1382"]
[BlackElo "1055"]
[Annotator "NA RC"]
[PlyCount "55"]
[EventDate "2022.06.23"]
[EventType "swiss"]
[EventCountry "SVK"]
[SourceTitle "playchess.com"]
[Source "ChessBase"]
[SourceQuality "1"]
[TimeControl "3600+30"]

1. Nf3 d5 2. e3 Nc6 3. c3 e5 4. Bb5 Nf6 5. Nxe5 Qd6 6. d4 a6 7. Nxc6 axb5 8. Ne5 Be7 9. b4 O-O 10. Nd2 Bf5 11. O-O h6 12. h3 Ne4 13. Qf3 Nxd2 14. Bxd2 Be4 15. Qe2 c6 16. f3 Bf5 17. e4 Be6 18. Qf2 dxe4 19. fxe4 Bxa2 20. Bf4 Be6 21. Qg3 g5 22. Rxa8 Rxa8 23. Nxf7 Qd7 24. Nxh6+ Kf8 25. Bxg5+ Ke8 26. Bxe7 Qxe7 27. Ng8 Qd8 28. Qg7 1-0

[Event "LJ Slovak Open 2022"]
[Site "Liptovsky Jan"]
[Date "2022.06.24"]
[Round "3.56"]
[White "Carnecky, Michal"]
[Black "Sotnik, Simon"]
[Result "1-0"]
[ECO "A22"]
[WhiteElo "1361"]
[BlackElo "1038"]
[Annotator "NA RC"]
[PlyCount "51"]
[EventDate "2022.06.23"]
[EventType "swiss"]
[EventCountry "SVK"]
[SourceTitle "playchess.com"]
[Source "ChessBase"]
[SourceQuality "1"]
[TimeControl "3600+30"]

1. c4 e5 2. Nc3 Nf6 3. d3 Bb4 4. Bd2 Bxc3 5. Bxc3 Nc6 6. e3 d5 7. cxd5 Nxd5 8. Nf3 Bg4 9. Be2 Bxf3 10. Bxf3 Nxc3 11. Bxc6+ bxc6 12. bxc3 O-O 13. O-O Rb8 14. Qc2 Re8 15. Rfd1 Re6 16. Qa4 Rb7 17. d4 Qh4 18. g3 Rg6 19. dxe5 Qe7 20. Qh4 f6 21. Qc4+ Kf8 22. Qxc6 Rb6 23. Qa8+ Kf7 24. Rd8 fxe5 25. Qd5+ Rge6 26. Rd7 1-0

[Event "LJ Slovak Open 2022"]
[Site "Liptovsky Jan"]
[Date "2022.06.24"]
[Round "3.57"]
[White "Magda, Juraj"]
[Black "Lesko Ondrej"]
[Result "1-0"]
[ECO "C45"]
[WhiteElo "1301"]
[BlackElo "1000"]
[Annotator "NA RC"]
[PlyCount "45"]
[EventDate "2022.06.23"]
[EventType "swiss"]
[EventCountry "SVK"]
[SourceTitle "playchess.com"]
[Source "ChessBase"]
[SourceQuality "1"]
[TimeControl "3600+30"]

1. e4 e5 2. Nf3 Nc6 3. d4 exd4 4. Nxd4 Bc5 5. Be3 Qf6 6. c3 Nge7 7. Nc2 d6 8. Bxc5 dxc5 9. Bc4 Qf4 10. Nd2 Ng8 11. Qf3 Qxf3 12. Nxf3 Bg4 13. Ng5 h6 14. Bxf7+ Kf8 15. Bxg8 Rxg8 16. Ne3 Bd7 17. Nf3 g5 18. O-O-O Re8 19. Rxd7 Rxe4 20. Rxc7 Na5 21. Rd1 Re8 22. Rdd7 h5 23. Rf7# 1-0

[Event "LJ Slovak Open 2022"]
[Site "Liptovsky Jan"]
[Date "2022.06.24"]
[Round "3.58"]
[White "Stricova Julia Nela"]
[Black "Papay Aurel"]
[Result "1-0"]
[ECO "C42"]
[WhiteElo "1149"]
[BlackElo "1294"]
[Annotator "NA RC"]
[PlyCount "49"]
[EventDate "2022.06.23"]
[EventType "swiss"]
[EventCountry "SVK"]
[SourceTitle "playchess.com"]
[Source "ChessBase"]
[SourceQuality "1"]
[TimeControl "3600+30"]

1. e4 e5 2. Nf3 Nc6 3. Nc3 Nf6 4. Bc4 Bb4 5. O-O O-O 6. a3 Bc5 7. d3 h6 8. Be3 Bb6 9. Re1 d6 10. h3 Be6 11. Bb3 Re8 12. Nd5 Bxd5 13. Bxd5 Nxd5 14. exd5 Ne7 15. Bxb6 axb6 16. c4 Ra5 17. Qb3 Qd7 18. Re2 b5 19. Rae1 Ng6 20. Qb4 Ra4 21. Qxb5 Qxb5 22. cxb5 Ra5 23. Nd4 Kf8 24. Re4 exd4 25. Rxe8# 1-0

[Event "LJ Slovak Open 2022"]
[Site "Liptovsky Jan"]
[Date "2022.06.24"]
[Round "3.59"]
[White "Stricova Viktoria Lea"]
[Black "Livnansky, Michal"]
[Result "0-1"]
[ECO "A00"]
[WhiteElo "1025"]
[BlackElo "1279"]
[Annotator "NA RC"]
[PlyCount "46"]
[EventDate "2022.06.23"]
[EventType "swiss"]
[EventCountry "SVK"]
[SourceTitle "playchess.com"]
[Source "ChessBase"]
[SourceQuality "1"]
[TimeControl "3600+30"]

1. e4 d5 2. Nc3 dxe4 3. Nxe4 Qd5 4. d3 Bf5 5. f3 Nd7 6. c4 Qc6 7. Ne2 e5 8. N2g3 Bb4+ 9. Bd2 Bxd2+ 10. Qxd2 Bxe4 11. dxe4 Ne7 12. Nf5 Nxf5 13. exf5 O-O 14. h4 Rad8 15. Rh3 e4 16. Rg3 exf3 17. gxf3 Rfe8+ 18. Be2 Qxc4 19. b3 Qxh4 20. Kf2 Nb6 21. Qc3 Qh2+ 22. Rg2 Rxe2+ 23. Kf1 Qxg2# 0-1

[Event "LJ Slovak Open 2022"]
[Site "Liptovsky Jan"]
[Date "2022.06.24"]
[Round "3.60"]
[White "Moravcik Alex"]
[Black "Hudak, Michal"]
[Result "0-1"]
[ECO "A00"]
[WhiteElo "1000"]
[BlackElo "1169"]
[Annotator "NA RC"]
[PlyCount "45"]
[EventDate "2022.06.23"]
[EventType "swiss"]
[EventCountry "SVK"]
[SourceTitle "playchess.com"]
[Source "ChessBase"]
[SourceQuality "1"]
[TimeControl "3600+30"]

1. g3 e5 2. Bg2 d5 3. d3 Nc6 4. c3 Nf6 5. Qc2 Bd6 6. e4 d4 7. Nf3 Bg4 8. O-O Qd7 9. Nbd2 h5 10. Nb3 Bxf3 11. Bxf3 h4 12. Bg5 hxg3 13. fxg3 O-O-O 14. Qe2 Kb8 15. a4 Be7 16. Bxf6 gxf6 17. a5 Rdg8 18. a6 b6 19. c4 f5 20. c5 f4 21. Kf2 fxg3+ 22. hxg3 Rh2+ 23. Ke1 0-1

[Event "LJ Slovak Open 2022"]
[Site "Liptovsky Jan"]
[Date "2022.06.25"]
[Round "4.1"]
[White "Manik, Mikulas"]
[Black "Varga, Lukas"]
[Result "1-0"]
[ECO "B92"]
[WhiteElo "2368"]
[BlackElo "2136"]
[Annotator "RC"]
[PlyCount "40"]
[EventDate "2022.06.23"]
[EventType "swiss"]
[EventCountry "SVK"]
[SourceTitle "playchess.com"]
[Source "ChessBase"]
[SourceQuality "1"]
[TimeControl "3600+30"]

1. e4 c5 2. Nf3 d6 3. d4 cxd4 4. Nxd4 Nf6 5. Nc3 a6 6. Be2 e5 7. Nb3 Be7 8. Be3 O-O 9. g4 Nbd7 10. g5 Ne8 11. Qd2 f5 12. exf5 Rxf5 13. Rg1 Nf8 14. O-O-O Ne6 15. Bg4 Rf7 16. Nd5 Kh8 17. f4 Nc5 18. g6 Bxg4 19. gxf7 Nxb3+ 20. axb3 Bxd1 1-0

[Event "LJ Slovak Open 2022"]
[Site "Liptovsky Jan"]
[Date "2022.06.25"]
[Round "4.2"]
[White "Wisniewski, Michal"]
[Black "Jablonicky, Martin"]
[Result "1-0"]
[ECO "D02"]
[WhiteElo "2073"]
[BlackElo "2377"]
[Annotator "RC"]
[PlyCount "65"]
[EventDate "2022.06.23"]
[EventType "swiss"]
[EventCountry "SVK"]
[SourceTitle "playchess.com"]
[Source "ChessBase"]
[SourceQuality "1"]
[TimeControl "3600+30"]

1. Nf3 d5 2. g3 Nc6 3. d4 Bf5 4. c3 Nf6 5. Bg2 e6 6. O-O Bd6 7. Bg5 h6 8. Bxf6 Qxf6 9. Nbd2 g5 10. Re1 Qg6 11. e4 dxe4 12. Nxe4 Bxe4 13. Ne5 Nxe5 14. Bxe4 Qf6 15. dxe5 Bxe5 16. Bxb7 Rb8 17. Qa4+ Kf8 18. Qxa7 Kg7 19. a4 h5 20. a5 h4 21. a6 hxg3 22. hxg3 Qf5 23. Qe3 f6 24. Qf3 Qc2 25. a7 Qxb2 26. axb8=Q Rxb8 27. Rab1 Qc2 28. Be4 Rxb1 29. Rxb1 Qa2 30. Rd1 f5 31. Rd7+ Kg6 32. g4 fxe4 33. Qf7+ 1-0

[Event "LJ Slovak Open 2022"]
[Site "Liptovsky Jan"]
[Date "2022.06.25"]
[Round "4.3"]
[White "Karas, Marek"]
[Black "Janousek, Petr"]
[Result "1-0"]
[ECO "A13"]
[WhiteElo "2292"]
[BlackElo "2099"]
[Annotator "RC"]
[PlyCount "73"]
[EventDate "2022.06.23"]
[EventType "swiss"]
[EventCountry "SVK"]
[SourceTitle "playchess.com"]
[Source "ChessBase"]
[SourceQuality "1"]
[TimeControl "3600+30"]

1. e3 d5 2. Nf3 Nf6 3. c4 e6 4. b3 Be7 5. Bb2 O-O 6. Rg1 c5 7. g4 Nc6 8. g5 Ne8 9. cxd5 exd5 10. Nc3 Be6 11. h4 Nd6 12. Bd3 Bf5 13. Bxf5 Nxf5 14. a3 Rc8 15. Qc2 Qd7 16. Qd3 Rfd8 17. Ne2 b5 18. h5 c4 19. Qc2 b4 20. g6 hxg6 21. hxg6 f6 22. bxc4 bxa3 23. Bc3 Nb4 24. Bxb4 Bxb4 25. Ned4 Nxd4 26. Nxd4 Rxc4 27. Qd3 Rdc8 28. Ke2 Bc5 29. Nf5 Re4 30. Ng3 Ree8 31. Rh1 Qg4+ 32. f3 Qc4 33. Qxc4 dxc4 34. Nf5 c3 35. Rh7 cxd2 36. Rxg7+ Kf8 37. Rf7+ 1-0

[Event "LJ Slovak Open 2022"]
[Site "Liptovsky Jan"]
[Date "2022.06.25"]
[Round "4.4"]
[White "Hurtuk, Radovan"]
[Black "Holly, Andrej"]
[Result "1/2-1/2"]
[ECO "B50"]
[WhiteElo "2057"]
[BlackElo "2214"]
[Annotator "RC"]
[PlyCount "108"]
[EventDate "2022.06.23"]
[EventType "swiss"]
[EventCountry "SVK"]
[SourceTitle "playchess.com"]
[Source "ChessBase"]
[SourceQuality "1"]
[TimeControl "3600+30"]

1. e4 c5 2. Nf3 Nc6 3. b3 e5 4. Bb2 d6 5. Bc4 g6 6. Nc3 Bg7 7. Nd5 Nge7 8. h4 h5 9. Ng5 O-O 10. Qf3 Nxd5 11. Bxd5 Qe7 12. Bxf7+ Rxf7 13. Qxf7+ Qxf7 14. Nxf7 Kxf7 15. Ke2 Be6 16. c4 a6 17. Bc3 b5 18. d3 Bf6 19. g3 Bd8 20. Raf1 Ba5 21. Bb2 Rb8 22. Rb1 Ke7 23. f3 Bc7 24. Bc3 a5 25. Rhg1 bxc4 26. bxc4 a4 27. Rxb8 Bxb8 28. Rb1 Bc8 29. Kd2 Bc7 30. Ke2 Ba5 31. Bxa5 Nxa5 32. Rb8 Bd7 33. Kd2 Nc6 34. Rb1 Nd4 35. Ke3 Kf6 36. Rb2 Bc6 37. Rb1 Ke6 38. Rb2 a3 39. Rb6 Nc2+ 40. Kd2 Nb4 41. Kc3 Ba4 42. Kd2 Bb3 43. Rb7 Bxa2 44. Ra7 Bb1 45. Rxa3 Bc2 46. Rc3 Ba4 47. Ra3 Bd7 48. Ra8 Ke7 49. Ke3 Nc6 50. Ra6 Nd4 51. Ra8 Nc2+ 52. Kd2 Nb4 53. Ke3 Bh3 54. Ke2 Be6 1/2-1/2

[Event "LJ Slovak Open 2022"]
[Site "Liptovsky Jan"]
[Date "2022.06.25"]
[Round "4.5"]
[White "Elias, David"]
[Black "Zetocha, Adrian"]
[Result "1-0"]
[ECO "E43"]
[WhiteElo "1901"]
[BlackElo "2331"]
[Annotator "RC"]
[PlyCount "85"]
[EventDate "2022.06.23"]
[EventType "swiss"]
[EventCountry "SVK"]
[SourceTitle "playchess.com"]
[Source "ChessBase"]
[SourceQuality "1"]
[TimeControl "3600+30"]

1. d4 Nf6 2. c4 e6 3. Nf3 b6 4. Nc3 Bb4 5. e3 Ne4 6. Bd2 Bxc3 7. Bxc3 Bb7 8. Be2 d6 9. O-O Nd7 10. Nd2 Nxc3 11. bxc3 O-O 12. Bf3 c6 13. a4 a5 14. Qb3 Qc7 15. Rfd1 Rae8 16. Rab1 Ba6 17. e4 g6 18. Re1 Kh8 19. Be2 c5 20. f4 e5 21. fxe5 dxe5 22. d5 f5 23. Rf1 Rf6 24. g4 f4 25. g5 Rd6 26. Bg4 Re7 27. Nf3 Kg7 28. Kf2 Kf8 29. Rh1 Ke8 30. h4 Kd8 31. h5 Nf8 32. hxg6 Nxg6 33. Bf5 Bc8 34. Bxg6 Rxg6 35. Rh6 Rxh6 36. gxh6 Qd6 37. Qxb6+ Qxb6 38. Rxb6 Bd7 39. Ra6 Bxa4 40. Rxa5 Bc2 41. Ra8+ Kd7 42. Ng5 Bd3 43. Nxh7 1-0